 Dungeon Crawl Stone Soup version 0.30.0-29-ga12c61a403 (webtiles) character file.

Game seed: 11347793364296487678

712901 Dadbod the Formicid Barricade (level 27, -12/216 HPs)
             Began as a Formicid Fighter on June 13, 2023.
             Was the Champion of Makhleb.
             Mangled by a doom hound (52 damage)
             ... led by Grunn
             ... on level 3 of the Realm of Zot on June 16, 2023.
             The game lasted 06:25:26 (75163 turns).

Dadbod the Formicid Barricade (Formicid Fighter)   Turns: 75163, Time: 06:25:26

Health: -12/216    AC: 30    Str: 41    XL:     27
Magic:  33/33      EV: 19    Int: 18    God:    Makhleb [******]
Gold:   7575       SH: 34    Dex: 17    Spells: 26/26 levels left

rFire   + + +        b - +9 battleaxe (spect)
rCold   + + +        Y - +3 tower shield {AC+3}
rNeg    + + +        n - +4 gold dragon scales
rPois   +            (helmet unavailable)
rElec   .            Z - scarf of Purpose {rC+ rF+, Int+5 Dex+3}
rCorr   .            i - +1 pair of gloves of Chill Winds {rPois rN+}
SInv    +            f - +0 pair of boots "Baef Qaec" {Contam rC+ Int+5 Dex+2}
Will    +++..        G - amulet of reflection Stlth
                     R - ring "Rafa" {rN+ Will+ MP+9 Str+7}
HPRegen 0.56/turn    E - ring "Cois" {Fly rF+ rN+ MP-9}
MPRegen 0.23/turn

%: reflection
@: flying, studying Staves
A: permanent stasis, dig shafts and tunnels, antennae 3, four strong arms,
iridescent scales 1, clumsy 1, deformed body, dopey 1, strong 1, subdued magic 1
}: 5/15 runes: decaying, serpentine, silver, bone, abyssal
a: Dig, Shaft Self, Renounce Religion, Minor Destruction, Lesser Servant of
Makhleb, Major Destruction, Greater Servant of Makhleb


You were on level 3 of the Realm of Zot.
You worshipped Makhleb.
Makhleb was exalted by your worship.
You visited 13 branches of the dungeon, and saw 58 of its levels.
You visited the Abyss 1 time.
You also visited: Sewer and Ice Cave.

You collected 8772 gold pieces.
You spent 1197 gold pieces at shops.

Inventory:

Hand Weapons
 a - the +1 executioner's axe of Woe {holy, rF+ Stlth+}
   (Okawaru gifted it to you on level 3 of the Depths)

   rF:        It protects you from fire.
   Stlth:     It makes you more stealthy.
 b - a +9 spectral battleaxe (weapon)
Missiles
 e - 5 throwing nets
 s - 9 boomerangs (quivered)
 C - 11 curare-tipped darts
 J - 2 boomerangs of dispersal
 K - 24 javelins
 Q - 6 silver javelins
Armour
 f - the +0 pair of boots "Baef Qaec" (worn) {Contam rC+ Int+5 Dex+2}
   (You found it on level 3 of the Lair of Beasts)

   Int:       It affects your intelligence (+5).
   Dex:       It affects your dexterity (+2).
   rC:        It protects you from cold.
   Contam:    It causes magical contamination when unequipped.
 i - the +1 pair of gloves of Chill Winds (worn) {rPois rN+}
   (Okawaru gifted it to you on level 3 of the Vaults)

   rPois:     It protects you from poison.
   rN:        It protects you from negative energy.
 j - the +8 scale mail of Banata {*Slow rElec rN+++ Will++}
   (You found it on level 1 of the Vaults)

   rElec:     It insulates you from electricity.
   rN:        It renders you almost immune to negative energy.
   *Slow:     It may slow you when you take damage.
   Will:      It greatly increases your willpower.
 n - +4 gold dragon scales (worn)
 Y - a +3 tower shield of protection (worn)
 Z - the scarf of Purpose (worn) {rC+ rF+, Int+5 Dex+3}
   (Okawaru gifted it to you on level 4 of the Snake Pit)

   Int:       It affects your intelligence (+5).
   Dex:       It affects your dexterity (+3).
Jewellery
 h - the ring of Mexodob {rN++ MP+9 Str+3 Int-4}
   (You found it on level 7 of Tartarus)

   [ring of magical power]

   Str:       It affects your strength (+3).
   Int:       It affects your intelligence (-4).
   rN:        It greatly protects you from negative energy.
   MP:        It affects your magic capacity (+9).
 p - the ring of Dishonour {rPois Dex+4}
   (You bought it in a shop on level 4 of the Depths)

   [ring of poison resistance]

   Dex:       It affects your dexterity (+4).
   rPois:     It protects you from poison.
 v - a ring of resist corrosion
 E - the ring "Cois" (right hand) {Fly rF+ rN+ MP-9}
   (You found it on level 2 of the Orcish Mines)

   [ring of flight]

   rF:        It protects you from fire.
   rN:        It protects you from negative energy.
   MP:        It affects your magic capacity (-9).
   Fly:       It grants you flight.
 G - an amulet of reflection (around neck)
 R - the ring "Rafa" (left hand) {rN+ Will+ MP+9 Str+7}
   (You found it on level 7 of Tartarus)

   [ring of magical power]

   Str:       It affects your strength (+7).
   rN:        It protects you from negative energy.
   MP:        It affects your magic capacity (+9).
   Will:      It increases your willpower.
 W - the ring "Otualoynn" {Will+ Int+6}
   (You took it off a vault warden on level 5 of the Vaults)

   [ring of intelligence]

   Int:       It affects your intelligence (+6).
   Will:      It increases your willpower.
Wands
 l - a wand of polymorph (53)
 q - a wand of charming (16)
 H - a wand of iceblast (66)
 O - a wand of mindburst (45)
 P - a wand of flame (4)
 X - a wand of quicksilver (22)
Scrolls
 k - a scroll of amnesia
 y - 3 scrolls of magic mapping
 B - 4 scrolls of fear
 I - 6 scrolls of fog
 L - 12 scrolls of enchant weapon
 N - 9 scrolls of torment
 S - 3 scrolls of brand weapon
 T - 5 scrolls of poison
 U - 5 scrolls of silence
Potions
 d - 7 potions of attraction
 m - 2 potions of cancellation
 r - 4 potions of lignification
 u - 8 potions of curing
 x - 6 potions of mutation
 A - 5 potions of invisibility
 F - 4 potions of might
 M - 6 potions of resistance
 V - a potion of heal wounds
Miscellaneous
 c - a box of beasts
 g - a condenser vane
 o - a phantom mirror
 t - a lightning rod (4/4)
 z - the horn of Geryon
 D - a phial of floods


   Skills:
 * Level 17.7 Fighting
 * Level 26.0 Axes
 * Level 14.4 Throwing
 * Level 20.1 Armour
 * Level 20.6 Dodging
 * Level 15.4 Stealth
 O Level 27 Shields
 * Level 14.6 Invocations
 * Level 19.0 Evocations


You had 26 spell levels left.
You didn't know any spells.
Your spell library contained the following spells:

 Spells                   Type           Power      Damage    Failure   Level
 Apportation              Tloc           0%         N/A       73%         1
 Foxfire                  Conj/Fire      0%         2x1d4     73%         1
 Necrotise                Necr           0%         1d4       73%         1
 Shock                    Conj/Air       0%         1d3       73%         1
 Slow                     Hex            0%         N/A       73%         1
 Summon Small Mammal      Summ           0%         N/A       73%         1
 Cigotuvi's Dreadful Rot  Necr/Pois/Air  0%         N/A       86%         2
 Ensorcelled Hibernation  Hex/Ice        0%         N/A       86%         2
 Lesser Beckoning         Tloc           0%         N/A       86%         2
 Passwall                 Tmut/Erth      0%         N/A       86%         2
 Poisonous Vapours        Pois/Air       0%         N/A       86%         2
 Sublimation of Blood     Necr           0%         N/A       86%         2
 Wereblood                Tmut           0%         N/A       86%         2
 Call Canine Familiar     Summ           0%         N/A       98%         3
 Confusing Touch          Hex            0%         N/A       98%         3
 Dazzling Flash           Conj/Hex       0%         N/A       98%         3
 Gell's Gravitas          Tloc           0%         N/A       98%         3
 Ignite Poison            Fire/Tmut/Pois 0%         N/A       98%         3
 Inner Flame              Hex/Fire       0%         N/A       98%         3
 Mephitic Cloud           Conj/Pois/Air  0%         N/A       98%         3
 Ozocubu's Armour         Ice            0%         N/A       98%         3
 Portal Projectile        Hex/Tloc       0%         N/A       98%         3
 Summon Guardian Golem    Hex/Summ       0%         N/A       98%         3
 Teleport Other           Tloc           0%         N/A       98%         3
 Vampiric Draining        Necr           0%         2d6       98%         3
 Volatile Blastmotes      Fire/Tloc      0%         2d10      98%         3
 Airstrike                Air            0%         2d(0-16)  100%        4
 Animate Armour           Summ/Erth      0%         N/A       100%        4
 Animate Dead             Necr           0%         N/A       100%        4
 Dispel Undead            Necr           0%         3d6       100%        4
 Flame Wave               Conj/Fire      0%         2d4       100%        4
 Fulminant Prism          Conj/Hex       0%         3d5       100%        4
 Iskenderun's Mystic Bla  Conj/Tloc      0%         2d3       100%        4
 Leda's Liquefaction      Hex/Erth       0%         N/A       100%        4
 Manifold Assault         Tloc           0%         N/A       100%        4
 Olgreb's Toxic Radiance  Pois           0%         N/A       100%        4
 Passage of Golubria      Tloc           0%         N/A       100%        4
 Petrify                  Tmut/Erth      0%         N/A       100%        4
 Sticky Flame             Conj/Fire      0%         2d3       100%        4
 Alistair's Intoxication  Tmut/Pois      0%         N/A       100%        5
 Arcjolt                  Conj/Air       0%         1d10      100%        5
 Blade Hands              Tmut           0%         N/A       100%        5
 Borgnjor's Vile Clutch   Necr/Erth      0%         N/A       100%        5
 Fireball                 Conj/Fire      0%         3d3       100%        5
 Freezing Cloud           Conj/Ice/Air   0%         6-21      100%        5
 Iskenderun's Battlesphe  Conj           0%         2d6       100%        5
 Lee's Rapid Deconstruct  Erth           0%         3d4*      100%        5
 Metabolic Englaciation   Hex/Ice        0%         N/A       100%        5
 Silence                  Hex/Air        0%         N/A       100%        5
 Yara's Violent Unravell  Hex/Tmut       0%         3d3       100%        5
 Conjure Ball Lightning   Conj/Air       0%         3x3d6     100%        6
 Death Channel            Necr           0%         N/A       100%        6
 Eringya's Noxious Bog    Tmut/Pois      0%         N/A       100%        6
 Iron Shot                Conj/Erth      0%         9d1       100%        6
 Plasma Beam              Fire/Air       0%         2x1d11    100%        6
 Simulacrum               Ice/Necr       0%         N/A       100%        6
 Starburst                Conj/Fire      0%         6d3       100%        6
 Statue Form              Tmut/Erth      0%         N/A       100%        6
 Enfeeble                 Hex            0%         N/A       100%        7
 Orb of Destruction       Conj           0%         9d5       100%        7
 Ozocubu's Refrigeration  Ice            0%         4d7       100%        7
 Storm Form               Tmut/Air       0%         N/A       100%        7
 Summon Hydra             Summ           0%         N/A       100%        7
 Borgnjor's Revivificati  Necr           0%         N/A       100%        8
 Discord                  Hex            0%         N/A       100%        8
 Ignition                 Fire           0%         3d3       100%        8
 Lehudib's Crystal Spear  Conj/Erth      0%         10d2      100%        8
 Chain Lightning          Conj/Air       0%         N/A       100%        9
 Death's Door             Necr           0%         N/A       100%        9
 Dragon's Call            Summ           0%         N/A       100%        9
 Fire Storm               Conj/Fire      0%         5d1       100%        9
 Shatter                  Erth           0%         3d5*      100%        9
 Blink                    Tloc           Unusable   N/A       N/A         2
 Swiftness                Air            Unusable   N/A       N/A         3
 Vhi's Electric Charge    Tloc/Air       Unusable   N/A       N/A         3

Dungeon Overview and Level Annotations

Branches:
Dungeon (15/15)            Temple (1/1) D:7            Lair (5/5) D:8
  Swamp (4/4) Lair:2        Snake (4/4) Lair:3        Slime (0/5) Lair:5
    Orc (2/2) D:11            Elf (3/3) Orc:2        Vaults (5/5) D:13
  Crypt (3/3) Vaults:3       Tomb (0/3) Crypt:3      Depths (4/4) D:15
   Hell (visited)             Dis (0/7) Hell            Geh (0/7) Hell
    Coc (0/7) Hell            Tar (7/7) Hell            Zot (4/5) Depths:4
  Sewer (visited)           IceCv (visited)

Altars:
Ashenzari
Cheibriados
Dithmenos
Elyvilon
Fedhas
Gozag
Hepliaklqana
Kikubaaqudgha
Makhleb
Nemelex Xobeh
Okawaru
Qazlal
Ru
Sif Muna
Trog
Uskayaw
Vehumet
Wu Jian
Xom
Yredelemnul
Zin
The Shining One
Jiyva
Lugonu

Shops:
D:5 :   D:11 !   Orc:2 [*[[   Elf:2 [   Elf:3 **   Snake:2 ([=:   Vaults:1 *
Vaults:3 (   Vaults:4 *   Depths:3 =*   Depths:4 ::=

Portals:
Hell: Depths:1 Depths:2 Depths:3 Depths:4
Abyss: Orc:2 Depths:2 Depths:3
Pandemonium: Depths:1 Depths:2 Depths:3 Depths:4
Ziggurat: Depths:1

Annotations:
D:15 3 runed translucent doors, ZLogic's ghost, journeyman SpEn


Innate Abilities, Weirdness & Mutations

You cannot be hasted, slowed, berserked, paralysed or teleported.
You can dig through walls and to a lower floor.
You have a pair of large antennae on your head. (SInv)
Your four strong arms can wield two-handed weapons with a shield.
You are partially covered in iridescent scales. (AC +2)
You are clumsy. (Dex -2)
Armour fits poorly on your strangely shaped body.
You are dopey. (Int -2)
Your muscles are strong. (Str +4, Int/Dex -1)
Your spells are a little easier to cast, but a little less powerful.


Message History

Your +9 spectral battleaxe barely misses the doom hound.
Your +9 spectral battleaxe hits the moth of wrath!!!
Your +9 spectral battleaxe hits the moth of wrath!! x2
You kill the moth of wrath!
Makhleb accepts your kill.
Your +9 spectral battleaxe barely misses the moth of wrath.
Your +9 spectral battleaxe hits the doom hound!!
Your +9 spectral battleaxe hits the moth of wrath!!
You kill the moth of wrath!
Makhleb accepts your kill.
Your +9 spectral battleaxe barely misses the doom hound.
You block the doom hound's attack.
The doom hound claws you but does no damage.
You block the doom hound's attack. The doom hound claws you!!
You block the doom hound's attack. x2
Unknown command.
Unknown command.
Unknown command.
Unknown command.
You slice the doom hound!!
The doom hound is moderately wounded.
You slice the doom hound!!
Your +9 spectral battleaxe hits the doom hound!!
The doom hound bites your +9 spectral battleaxe!!
Your spectral weapon shares its damage with you!
The doom hound closely misses your +9 spectral battleaxe.
The doom hound misses you. You block the doom hound's attack.
Unknown command.
Unknown command.
Unknown command.
Unknown command.
You hit the doom hound but do no damage.
The doom hound is heavily wounded.
You slice the doom hound!!
Your +9 spectral battleaxe hits the doom hound!!!
You block the doom hound's attack. x2; The doom hound completely misses you.
You block the doom hound's attack. The doom hound bites you!!!
* * * LOW HITPOINT WARNING * * *
You block the doom hound's attack. The doom hound bites you!!!
You die...

..####..##..##..##......##......#
...##...##..##..##....=.##..##..#
#......###..##..##..##..##..##..#
##....###...##......##..##..##.)#
########...###.....^##......##...
.######.....#...##..##..)...##...
.........#.....###[.##)=##......#
........###...###h..##.)##......#
##########...###@h...#..##..##..#
#########...###†([#.....##..##..#
.............#...###...###..##..#
..........#.....###...###...##..#
####..######...###...###...###..#
####..#####.....#...###...###...#
.............#.....## ##.###...##
............###...#### ####...###
###..#########...###.## ##...## #


You could see 2 doom hounds and a friendly +9 spectral battleaxe.

Vanquished Creatures
  Ereshkigal (Tar:7)
  3 ancient liches
  A dread lich (Crypt:3)
  An orb of fire (Zot:3)
  Vv (Zot:3)
  4 curse toes
  Geryon (Hell)
  8 golden dragons
  Nikola (Snake:4)
  22 profane servitors
  22 bone dragons
  7 doom hounds
  18 Tzitzimimeh
  A spectral shard shrike (Tar:4)
  An electric golem (Zot:2)
  2 hellephants
  Rupert (Lair:5)
  8 tentacled monstrosities
  25 tainted leviathans
  2 walking earthen tomes (Depths:3)
  6 liches
  9 deep elf master archers
  7 deep elf blademasters
  16 titans
  8 quicksilver dragons
  A walking frostbound tome (Depths:3)
  9 death cobs
  Agnes (Elf:2)
  6 sphinxes
  6 storm dragons
  9 ancient champions
  8 tentacled starspawn
  Kirke (D:15)
  9 draconian monks
  13 shadow dragons
  4 thorn hunters (Swamp:4)
  9 tengu reavers
  3 fenstrider witches
  4 draconian knights
  The ghost of cheesebisquit the Brawler, a journeyman TrWr of Dithmenos (Orc:2)
  The ghost of Romunoh the Fetichist, an adept SpBr of Gozag (Snake:4)
  4 revenants
  An iron dragon (Depths:3)
  17 fire giants
  4 nagarajas
  2 balrugs (Zot:2)
  Aizul (Vaults:4)
  23 vault wardens
  The ghost of cheesebisquit the Brawler, a journeyman TrFi of Wu Jian (Orc:2)
  An orc warlord (Vaults:4)
  18 frost giants
  7 draconian scorchers
  2 deep elf sorcerers
  3 draconian shifters
  5 deep elf elementalists
  A spectral caustic shrike (Tar:3)
  Louise (Swamp:1)
  4 curse skulls
  An emperor scorpion (shapeshifter) (Zot:2)
  8 draconian stormcallers
  21 ironbound preservers
  A juggernaut zombie (Hell)
  A cacodemon (Abyss:1)
  A spectral juggernaut (Tar:7)
  25 stone giants
  7 reapers
  3 draconian annihilators
  27 very ugly things
  4 starflowers (Abyss:2)
  A spriggan defender (Depths:3)
  10 ironbound thunderhulks
  A caustic shrike skeleton (Crypt:2)
  3 war gargoyles
  4 eleionomae
  The ghost of math4jedi the Cleaver, a journeyman MiBe of Trog (Orc:2)
  The ghost of Kamelo the Earth Mage, a journeyman GrEE of Sif Muna (Orc:2)
  12 vampire knights
  8 black draconians
  10 red draconians
  8 deep elf demonologists
  11 green draconians
  26 putrid mouths
  A halazid warlock (Hell)
  11 purple draconians
  11 deep elf annihilators
  29 starcursed masses
  6 bunyips
  10 white draconians
  8 yellow draconians
  4 spark wasps
  2 spectral titans
  11 dire elephants
  3 blizzard demons
  7 eidola
  7 deep elf high priests
  8 fire dragons
  10 ettins
  19 deep elf death magi
  A shambling mangrove (Swamp:4)
  A spectral fenstrider witch (Tar:1)
  A spectral kraken (Tar:7)
  3 spriggan zombies
  Fannar (Lair:3)
  14 jiangshi
  19 yaktaur captains
  11 great orbs of eyes
  3 spectral spriggans
  An entropy weaver (Vaults:3)
  A quicksilver dragon skeleton (Depths:3)
  2 rakshasas
  3 peacekeepers
  Erolcha (D:11)
  9 ice dragons
  2 fenstrider witch zombies (Crypt:1)
  2 death knights (Crypt:3)
  7 spriggan air magi
  6 ogre magi
  8 salamander tyrants
  37 vault guards
  15 hydras
  A caustic shrike simulacrum (Hell)
  9 ironbound frosthearts
  A spriggan skeleton (Crypt:1)
  7 boulder beetles
  4 ghost crabs
  14 anacondas
  An anaconda (shapeshifter) (Vaults:5)
  The ghost of LobsterGuardian the Thaumaturge, a journeyman SpVM of Dithmenos (Orc:2)
  14 alligators
  A juggernaut simulacrum (Depths:3)
  21 naga warriors
  11 centaur warriors
  15 two-headed ogres
  Erica (D:8)
  5 death yaks (Lair:5)
  25 dancing weapons
  5 merfolk aquamancers
  8 tengu warriors
  Urug (D:11)
  6 deep troll shamans
  6 vampire magi
  A spriggan berserker (Depths:4)
  13 naga sharpshooters
  5 deep troll earth magi
  13 shock serpents
  21 hell hogs
  12 soul eaters
  A skyshark (Lair:2)
  2 spectral dire elephants
  5 thrashing horrors
  22 deep elf knights
  6 sun demons
  Nergalle (D:11)
  10 iron trolls
  23 hell knights
  6 shadow wraiths
  24 skeletal warriors
  6 salamander mystics
  3 sixfirhies
  7 wretched stars
  A spectral bunyip (Tar:1)
  6 flayed ghosts
  3 spectral death yaks (Lair:5)
  6 goliath frogs
  2 anaconda zombies
  A kraken simulacrum (Hell)
  A bunyip zombie (Crypt:3)
  3 bog bodies
  55 deep trolls
  A death drake (Swamp:3)
  8 spriggan druids
  A spectral anaconda (Lair:5)
  2 orb spiders (Zot:2)
  A shadow demon (Hell)
  A spectral iron dragon (Tar:1)
  2 glowing orange brains (shapeshifter)
  2 glowing orange brains
  10 wizards
  18 ironbound convokers
  A golden dragon skeleton (Depths:3)
  An obsidian statue (Lair:5)
  9 swamp dragons
  6 naga ritualists
  2 spectral hydras (Swamp:4)
  7 lindwurms
  Pikel (D:4)
  21 deep elf archers
  A sphinx zombie (Depths:3)
  A tengu zombie (Depths:3)
  A goliath frog zombie (Crypt:2)
  16 phantasmal warriors
  29 deep elf zephyrmancers
  An orc sorcerer (D:11)
  19 necromancers
  A wolf spider (Vaults:4)
  33 deep elf pyromancers
  2 harpies (Depths:4)
  2 lindwurms (shapeshifter)
  37 ugly things
  12 mana vipers
  4 oklob plants
  25 salamanders
  3 cyclopes
  4 manticores
  2 tengu skeletons (Depths:3)
  A frost giant zombie (Crypt:3)
  2 spectral ettins
  6 will-o-the-wisps
  A sphinx skeleton (Depths:3)
  A naga zombie (Hell)
  3 worldbinders
  25 moths of wrath
  2 ice statues (IceCv)
  17 guardian serpents
  Maurice (D:9)
  2 apocalypse crabs
  2 spectral centaurs (Tar:2)
  A black mamba (shapeshifter) (D:14)
  A fire giant skeleton (Depths:3)
  3 elephants (Lair:5)
  11 spectral swamp worms (Tar:7)
  A human skeleton (Vaults:3)
  9 smoke demons
  4 demonic crawlers
  14 cane toads
  20 naga magi
  2 water nymphs
  A guardian serpent (shapeshifter) (Elf:1)
  3 rust devils
  22 vault sentinels
  33 black mambas
  A catoblepas zombie (Crypt:1)
  6 molten gargoyles (Hell)
  A gargoyle (D:11)
  2 dire elephant skeletons
  5 orange demons
  2 rime drakes (Lair:5)
  36 yaktaurs
  2 hellions
  3 tormentors
  3 efreet
  A kobold demonologist (D:14)
  2 sea snake zombies (Hell)
  11 freezing wraiths
  10 komodo dragons
  A minotaur zombie (Crypt:1)
  A spark wasp simulacrum (Depths:3)
  A tengu conjurer (D:10)
  3 anaconda simulacra
  A yellow draconian zombie (Crypt:1)
  A minotaur skeleton (Crypt:3)
  An ice devil (Depths:2)
  An ancient zyme (Abyss:2)
  5 death drake zombies (Swamp:4)
  A golden dragon simulacrum (Depths:3)
  A purple draconian skeleton (Crypt:2)
  3 red devils
  A spectral harpy (Tar:3)
  A bloated husk (Swamp:1)
  3 harpy zombies
  A red draconian skeleton (Crypt:2)
  8 trolls
  2 merfolk
  A hellwing (Abyss:2)
  12 hornets
  2 silent spectres
  18 raiju
  16 blink frogs
  10 tyrant leeches
  2 spectral elephants (Lair:5)
  2 alligator zombies (Hell)
  A jumping spider zombie (Crypt:1)
  2 harpy skeletons
  4 hydra skeletons
  29 slime creatures
  A black mamba zombie (Hell)
  A meliai zombie (Crypt:3)
  5 water elementals
  19 shadows
  A spriggan (shapeshifter) (Vaults:5)
  6 flying skulls
  15 spriggans
  4 air elementals
  A centaur simulacrum (Hell)
  A fire dragon skeleton (Crypt:2)
  2 alligator skeletons
  2 vampires
  7 wraiths
  2 golden eyes (shapeshifter)
  5 ynoxinuls
  4 hogs (D:15)
  A yak (shapeshifter) (Vaults:5)
  3 fire bats (Abyss:2)
  3 fire elementals
  20 humans
  38 yaks
  2 golden eyes
  5 basilisks
  A steam dragon (Lair:3)
  3 death yak simulacra
  2 redbacks (Vaults:3)
  A spectral cane toad (Lair:5)
  29 vampire mosquitoes
  2 chaos spawn (Abyss:2)
  6 neqoxecs
  21 large abominations
  Menkaure (D:4)
  11 swamp worms
  2 wargs (D:11)
  A harpy simulacrum (Crypt:1)
  53 nagas
  4 hydra simulacra (Swamp:4)
  11 water moccasins
  A floating eye (shapeshifter) (Elf:1)
  2 glowing shapeshifter skeletons (Depths:3)
  5 acid dragons
  18 small abominations
  A two-headed ogre skeleton (Crypt:2)
  2 floating eyes
  A hell hound (Abyss:2)
  4 black bears
  An ice beast (D:8)
  17 orc warriors
  A sky beast (D:8)
  12 swamp drakes
  An ice beast (shapeshifter) (Vaults:2)
  A swamp dragon zombie (Swamp:4)
  14 boggarts
  12 centaurs
  24 ogres
  5 wolves (Lair:5)
  2 elephant skeletons (Lair:5)
  2 dream sheep skeletons
  3 kobold brigands
  3 lemures (D:4)
  An earth elemental (Abyss:1)
  14 bullfrogs
  3 elf zombies (Elf:1)
  2 gnoll sergeants (D:7)
  2 wyvern zombies (D:6)
  A salamander skeleton (Crypt:2)
  A scorpion (D:5)
  22 wights
  A cyclops skeleton (Crypt:1)
  10 killer bees
  4 elephant simulacra
  A wolf zombie (Crypt:2)
  2 howler monkeys
  6 electric eels
  3 bullfrog zombies (D:6)
  5 centaur zombies
  3 human zombies
  5 hounds
  2 jellies (D:4)
  6 quasits
  9 orc priests
  2 gnoll boudas
  2 centaur skeletons
  An iguana (D:6)
  22 orc wizards
  A killer bee zombie (D:6)
  2 ice beast zombies (Crypt:1)
  2 mummies (D:6)
  26 gnolls
  14 adders
  3 river rats (Sewer)
  2 swamp drake skeletons
  A howler monkey simulacrum (D:9)
  4 white imps
  2 ufetubi
  2 worms
  A dart slug (D:1)
  83 orcs
  9 ball pythons
  11 endoplasms
  3 giant cockroaches
  7 goblins
  6 hobgoblins
  6 jackals
  14 kobolds
  3 quokkas
  6 bats
  4 frilled lizards
  A quokka zombie (Crypt:1)
  7 rats
  A rat skeleton (Crypt:3)
  A butterfly (Zot:2)
  A foxfire (Swamp:3)
  5 starspawn tentacles
  4 tentacles
2747 creatures vanquished.

Vanquished Creatures (collateral kills)
  A hell knight (Hell)
  A hellion (Hell)
2 creatures vanquished.

Vanquished Creatures (others)
  A stone giant (Vaults:5)
  A rakshasa (Abyss:2)
  A naga warrior (Snake:4)
  2 naga sharpshooters (Snake:4)
  A deep elf knight (Elf:3)
  A spriggan druid (Swamp:1)
  A swamp dragon (Swamp:4)
  A deep elf zephyrmancer (Elf:2)
  An ugly thing (IceCv)
  A salamander (Snake:3)
  4 naga magi
  A bloated husk (Swamp:3)
  A large abomination (Abyss:2)
  3 nagas (Snake:4)
  A swamp worm (Swamp:3)
  A boggart (Vaults:1)
  A gnoll (D:8)
  21 foxfires
  3 lurking horrors
  126 spectral weapons
  15 starspawn tentacles
  21 tentacles
209 creatures vanquished.

Grand Total: 2958 creatures vanquished

Notes
Turn   | Place    | Note
-------+----------+-------------------------------------------
     0 | D:1      | Dadbod the Formicid Fighter began the quest for the Orb.
     0 | D:1      | Reached XP level 1. HP: 18/18 MP: 1/1
    20 | D:1      | Reached XP level 2. HP: 14/24 MP: 2/2
   263 | D:1      | Reached XP level 3. HP: 25/29 MP: 3/3
  1125 | D:2      | Reached XP level 4. HP: 35/35 MP: 4/4
  1592 | D:2      | Found a faded altar of an unknown god.
  1941 | D:3      | Found a hazy altar of Hepliaklqana.
  2127 | D:3      | Reached XP level 5. HP: 31/42 MP: 5/5
  2227 | D:3      | Found a sacrificial altar of Ru.
  2474 | D:3      | Reached XP level 6. HP: 16/48 MP: 6/6
  2729 | D:3      | Found the +1 Delatra's gloves {ID++}
  2841 | D:4      | Reached skill level 5 in Axes
  3011 | D:4      | Found a shimmering blue altar of Sif Muna.
  3021 | D:4      | Noticed Pikel
  3034 | D:4      | Killed Pikel
  3035 | D:4      | Reached XP level 7. HP: 21/55 MP: 7/7
  3035 | D:4      | Reached XP level 8. HP: 24/61 MP: 8/8
  3174 | D:4      | Reached skill level 5 in Armour
  3317 | D:4      | Noticed Menkaure
  3323 | D:5      | Entered Level 5 of the Dungeon
  3338 | D:5      | Found Mierch's Tiny Tomes.
  3373 | D:4      | Killed Menkaure
  3374 | D:4      | Reached skill level 1 in Dodging
  4109 | D:5      | Reached XP level 9. HP: 65/67 MP: 9/9
  4494 | D:5      | Reached skill level 5 in Fighting
  4494 | D:5      | Reached skill level 5 in Shields
  4768 | D:5      | Found a glowing silver altar of Zin.
  5055 | D:6      | Identified the +1 chain mail "Jots" {Dex+5}
  5169 | D:6      | Found a glowing drain.
  5197 | Sewer    | Entered a sewer
  5384 | Sewer    | Reached skill level 10 in Axes
  6043 | D:6      | Found an ancient bone altar of Kikubaaqudgha.
  6097 | D:6      | Reached skill level 6 in Shields
  6466 | D:7      | Reached skill level 1 in Throwing
  6466 | D:7      | Reached XP level 10. HP: 74/74 MP: 10/10
  7027 | D:7      | Found a staircase to the Ecumenical Temple.
  7036 | Temple   | Entered the Ecumenical Temple
  7095 | Temple   | Became a worshipper of Warmaster Okawaru
  7193 | D:8      | Noticed Erica
  7528 | D:8      | Killed Erica
  7528 | D:8      | Reached * piety under Okawaru
  7771 | D:8      | Noticed a komodo dragon
  7781 | D:8      | Killed a komodo dragon
  7809 | D:8      | Reached ** piety under Okawaru
  7960 | D:8      | Found a staircase to the Lair.
  8192 | D:8      | Noticed a two-headed ogre
  8200 | D:8      | Killed a two-headed ogre
  8201 | D:8      | Reached XP level 11. HP: 62/83 MP: 11/11
  8427 | D:8      | Found a blossoming altar of Fedhas.
  8446 | D:8      | Reached *** piety under Okawaru
  8463 | D:8      | Found a stormy altar of Qazlal.
  8545 | D:8      | Found an opulent altar of Gozag.
  8626 | D:9      | Noticed a sun demon
  8714 | Lair:1   | Entered Level 1 of the Lair of Beasts
  8872 | Lair:1   | Reached skill level 7 in Shields
  8943 | Lair:1   | Reached **** piety under Okawaru
  9987 | D:9      | Reached ***** piety under Okawaru
 10029 | D:9      | Noticed Maurice
 10031 | D:9      | Found a broken altar of Ashenzari.
 10040 | D:9      | Killed Maurice
 10185 | D:9      | Received a gift from Okawaru
 10249 | D:9      | Reached XP level 12. HP: 91/91 MP: 12/12
 10260 | D:9      | Reached skill level 5 in Throwing
 10483 | D:9      | Killed a sun demon
 10515 | D:9      | Reached skill level 8 in Shields
 10520 | D:9      | Received a gift from Okawaru
 10649 | D:9      | Received a gift from Okawaru
 11003 | D:10     | Entered Level 10 of the Dungeon
 12383 | D:11     | Noticed a boulder beetle
 12421 | D:11     | Killed a boulder beetle
 12422 | D:11     | Reached skill level 5 in Invocations
 12507 | D:11     | Reached skill level 1 in Evocations
 12513 | D:11     | Received a gift from Okawaru
 12802 | D:11     | Found a staircase to the Orcish Mines.
 12833 | D:11     | Received a gift from Okawaru
 13100 | D:11     | Noticed Urug
 13100 | D:11     | Noticed Erolcha
 13165 | D:11     | Killed Urug
 13166 | D:11     | Reached skill level 5 in Evocations
 13170 | D:11     | Killed Erolcha
 13170 | D:11     | Reached ****** piety under Okawaru
 13171 | D:11     | Reached XP level 13. HP: 91/96 MP: 17/17
 13206 | D:11     | Found Muchuwke's Distillery.
 13448 | D:11     | Identified the +0 pair of gloves of Gaibbaow {rElec rPois
                  | rC- Dex-4} (Okawaru gifted it to you on level 11 of the
                  | Dungeon)
 13448 | D:11     | Received a gift from Okawaru
 13688 | D:11     | Noticed Nergalle
 13697 | D:11     | Killed Nergalle
 13813 | D:11     | Reached skill level 15 in Axes
 13813 | D:11     | Reached XP level 14. HP: 103/103 MP: 18/18
 13814 | D:11     | Reached skill level 10 in Armour
 13814 | D:11     | Reached skill level 10 in Shields
 13814 | D:11     | Reached XP level 15. HP: 108/108 MP: 19/19
 13816 | D:11     | Gained mutation: Armour fits poorly on your strangely
                  | shaped body. [potion of mutation]
 13816 | D:11     | Gained mutation: Your body sometimes deteriorates upon
                  | taking damage. [potion of mutation]
 13816 | D:11     | Gained mutation: Your muscles are strong. (Str +4, Int/Dex
                  | -1) [potion of mutation]
 13817 | D:11     | Lost mutation: Your body sometimes deteriorates upon taking
                  | damage. [potion of mutation]
 13817 | D:11     | Lost mutation: Armour fits poorly on your strangely shaped
                  | body. [potion of mutation]
 13817 | D:11     | Gained mutation: Your muscles are very strong. (Str +8,
                  | Int/Dex -2) [potion of mutation]
 13817 | D:11     | Gained mutation: You are partially covered in iridescent
                  | scales. (AC +2) [potion of mutation]
 14100 | Lair:2   | Found a staircase to the Swamp.
 14346 | Lair:2   | Reached skill level 11 in Shields
 15108 | Lair:3   | Identified the +0 pair of boots "Baef Qaec" {Contam rC+
                  | Int+5 Dex+2}
 15167 | Lair:3   | Found a staircase to the Snake Pit.
 15411 | Lair:3   | Noticed Fannar
 15430 | Lair:3   | Killed Fannar
 16096 | Lair:4   | Reached skill level 12 in Shields
 16683 | Lair:5   | Entered Level 5 of the Lair of Beasts
 16859 | Lair:5   | Found a viscous altar of Jiyva.
 16859 | Lair:5   | Found a staircase to the Slime Pits.
 16905 | Lair:5   | Received a gift from Okawaru
 17312 | Lair:5   | Identified the +2 tower shield of the Valley {Int+3}
                  | (Okawaru gifted it to you on level 5 of the Lair of Beasts)
 17312 | Lair:5   | Received a gift from Okawaru
 17518 | Lair:5   | Reached skill level 13 in Shields
 17827 | Lair:5   | Reached XP level 16. HP: 115/115 MP: 21/21
 18214 | Lair:5   | Reached skill level 14 in Shields
 18360 | Lair:5   | Noticed Rupert
 18381 | Lair:5   | Killed Rupert
 19325 | Orc:1    | Entered Level 1 of the Orcish Mines
 19893 | Orc:2    | Entered Level 2 of the Orcish Mines
 19994 | Orc:2    | Found a runed translucent gate.
 19994 | Orc:2    | Found a runed translucent gate.
 19994 | Orc:2    | Found a runed translucent gate.
 19995 | Orc:2    | Noticed Kamelo's ghost (journeyman GrEE)
 19995 | Orc:2    | Noticed cheesebisquit's ghost (journeyman TrFi)
 19995 | Orc:2    | Noticed math4jedi's ghost (journeyman MiBe)
 19995 | Orc:2    | Noticed cheesebisquit's ghost (journeyman TrWr)
 19995 | Orc:2    | Noticed LobsterGuardian's ghost (journeyman SpVM)
 20041 | Orc:2    | Received a gift from Okawaru
 20122 | Orc:2    | Found a staircase to the Elven Halls.
 20196 | Orc:2    | Found a corrupted altar of Lugonu.
 20198 | Orc:2    | Found a one-way gate to the infinite horrors of the Abyss.
 20383 | Orc:2    | Reached skill level 15 in Shields
 20781 | Orc:2    | Found Uwevvulu's General Store.
 20781 | Orc:2    | Found Othuh's Antique Armour Boutique.
 20782 | Orc:2    | Found Suvvuf's Armour Shop.
 20782 | Orc:2    | Found Luarikhe's Armour Emporium.
 20793 | Orc:2    | Bought a wand of iceblast (5) for 204 gold pieces
 20793 | Orc:2    | Bought a potion of heal wounds for 85 gold pieces
 21081 | Orc:2    | Reached skill level 16 in Shields
 21292 | Orc:1    | You fall into a shaft and drop 1 floor!
 21555 | Snake:1  | Entered Level 1 of the Snake Pit
 22225 | Snake:1  | Received a gift from Okawaru
 22330 | Snake:1  | Reached XP level 17. HP: 105/120 MP: 23/23
 22618 | Snake:1  | Reached skill level 17 in Shields
 23202 | Snake:2  | Received a gift from Okawaru
 23528 | Snake:2  | Received a gift from Okawaru
 23841 | Snake:2  | Found Huinn's Jewellery Shop.
 23842 | Snake:2  | Found Hazxol's Book Shop.
 23842 | Snake:2  | Found Imut's Weapon Boutique.
 23845 | Snake:2  | Found Yssood's Armour Boutique.
 24036 | Snake:2  | Reached skill level 18 in Shields
 24361 | Snake:2  | Identified the staff of cold "Piluc" {Fragile rElec rC+
                  | rN+++ rCorr Str-4}
 25413 | Snake:2  | Received a gift from Okawaru
 25994 | Snake:3  | Received a gift from Okawaru
 26419 | Snake:3  | Reached skill level 19 in Shields
 26881 | Snake:3  | Received a gift from Okawaru
 27463 | Orc:2    | Killed cheesebisquit's ghost
 27464 | Orc:2    | Reached XP level 18. HP: 77/127 MP: 17/25
 27470 | Orc:2    | Killed LobsterGuardian's ghost
 27503 | Orc:2    | Killed Kamelo's ghost
 27518 | Orc:2    | Killed math4jedi's ghost
 27527 | Orc:2    | Killed cheesebisquit's ghost
 27527 | Orc:2    | Identified the +2 chain mail of Vlad {rElec rPois Regen+
                  | Str+2} (Okawaru gifted it to you on level 2 of the Orcish
                  | Mines)
 27527 | Orc:2    | Received a gift from Okawaru
 27589 | Orc:2    | Identified the ring "Cois" {Fly rF+ rN+ MP-9}
 28103 | Snake:3  | Reached skill level 20 in Shields
 28152 | Snake:3  | Reached skill level 10 in Invocations
 28159 | Snake:3  | Identified the +4 chain mail of Starshine {Str+3}
 28264 | Snake:3  | Found a bloodstained altar of Trog.
 28339 | Snake:4  | Entered Level 4 of the Snake Pit
 28349 | Snake:4  | Noticed Nikola
 28423 | Snake:4  | Killed Nikola
 28603 | Snake:4  | Identified the scarf of Purpose {rC+ rF+, Int+5 Dex+3}
                  | (Okawaru gifted it to you on level 4 of the Snake Pit)
 28603 | Snake:4  | Received a gift from Okawaru
 28676 | Snake:4  | Reached skill level 21 in Shields
 28920 | Snake:4  | Found a transporter.
 28921 | Snake:4  | Noticed Romunoh's ghost (adept SpBr)
 28940 | Snake:4  | Found a transporter.
 29155 | Snake:4  | Noticed a quicksilver dragon
 29156 | Snake:4  | Noticed a quicksilver dragon
 29169 | Snake:4  | Killed a quicksilver dragon
 29180 | Snake:4  | Killed a quicksilver dragon
 29238 | Snake:4  | Reached XP level 19. HP: 96/132 MP: 18/27
 29437 | Snake:4  | Got a serpentine rune of Zot
 29576 | Snake:4  | Killed Romunoh's ghost
 29603 | Snake:4  | Identified the ring of Kuffoen {rPois rC- AC+4 Int+3}
 29930 | Elf:1    | Entered Level 1 of the Elven Halls
 30288 | Elf:1    | Received a gift from Okawaru
 30513 | Elf:1    | Got Ereshkigal's Papyrus of Maleficent Rites
 30686 | Elf:1    | Reached skill level 5 in Dodging
 31002 | Elf:2    | Got Istrit's Teachings on Unholy Imprecation
 31063 | Elf:2    | Found a shimmering blue altar of Sif Muna.
 31147 | Elf:2    | Found Qaereik's Armour Boutique.
 31291 | Elf:2    | Found a huge runed translucent gate.
 31291 | Elf:2    | Found a huge runed translucent gate.
 31296 | Elf:2    | Found a huge runed translucent gate.
 31297 | Elf:2    | Found a huge runed translucent gate.
 31297 | Elf:2    | Found a huge runed translucent gate.
 31308 | Elf:2    | Identified the +2 ring mail of the Lost Path {+Blink rF+
                  | Dex+2} (Okawaru gifted it to you on level 2 of the Elven
                  | Halls)
 31308 | Elf:2    | Received a gift from Okawaru
 31448 | Elf:2    | Noticed Agnes
 31454 | Elf:2    | Killed Agnes
 31792 | Elf:3    | Entered Level 3 of the Elven Halls
 31815 | Elf:3    | Reached XP level 20. HP: 139/139 MP: 19/28
 31897 | Elf:3    | Reached skill level 10 in Dodging
 32175 | Elf:3    | Found Godius's Neck Hole.
 32442 | Elf:3    | Received a gift from Okawaru
 33434 | Elf:3    | Identified the +11 war axe "Mudo Usi" {protect, Str+6}
                  | (Okawaru gifted it to you on level 3 of the Elven Halls)
 33434 | Elf:3    | Received a gift from Okawaru
 33439 | Elf:3    | Reached skill level 22 in Shields
 33447 | Elf:3    | Identified the +10 quarterstaff "Demonbane" {vamp, rPois
                  | Will- Dex+8 Stlth-}
 33472 | Elf:3    | Identified a scroll of acquirement
 33472 | Elf:3    | Acquired a manual of Evocations
 33479 | Elf:3    | Identified the +8 battleaxe of Tenacity {drain, rElec Str+4
                  | Stlth+}
 33480 | Elf:3    | Identified the +4 halberd of the Eight Emperors {heavy,
                  | Contam *Slow Will++ Str+8}
 33483 | Elf:3    | Identified the +4 ring mail of Seabor {Dex+6}
 33486 | Elf:3    | Identified the +7 long sword "Wuut" {heavy, Contam Str+5
                  | Int+2 Stlth+}
 33511 | Elf:3    | Got the Tome of Transmigration and the Catacomb
 33522 | Elf:3    | Identified the +4 mace "Muahute" {drain, Fly}
 33523 | Elf:3    | Identified the +10 arbalest "Hapora" {freeze, rC+ MP+9
                  | Dex+4}
 33540 | Elf:3    | Got the Directory of the Big Bang
 33549 | Elf:3    | Identified the +1 ring mail of Snakes and Ladders {Dex+3}
 33587 | Elf:3    | Identified the +3 great mace of Honozuaz {freeze, rN++
                  | Str+2}
 33770 | Elf:3    | Found Naluru's General Store.
 34714 | D:13     | Found a frozen archway.
 34738 | IceCv    | Entered an ice cave
 34748 | IceCv    | Found a transporter.
 34762 | IceCv    | Found a transporter.
 34787 | IceCv    | Identified the +3 war axe of Nightmares {vamp, rF- rC+
                  | Str+3}
 35473 | D:13     | Found a gate to the Vaults.
 35757 | D:14     | Reached XP level 21. HP: 147/147 MP: 20/29
 36063 | D:14     | Received a gift from Okawaru
 36142 | D:14     | Reached skill level 10 in Evocations
 36380 | D:15     | Entered Level 15 of the Dungeon
 36838 | D:15     | Found a burning altar of Makhleb.
 36928 | D:15     | Found a runed translucent gate.
 36928 | D:15     | Found a runed translucent gate.
 36929 | D:15     | Found a runed translucent gate.
 36929 | D:15     | Noticed ZLogic's ghost (journeyman SpEn)
 37036 | D:15     | Noticed Kirke
 37046 | D:15     | Killed Kirke
 37079 | D:15     | Found a staircase to the Depths.
 37342 | Depths:1 | Entered Level 1 of the Depths
 37346 | Depths:1 | Found a gateway to Hell.
 37582 | Depths:1 | Received a gift from Okawaru
 37627 | Depths:1 | Reached skill level 15 in Evocations
 37806 | Depths:1 | Found a one-way gate leading to the halls of Pandemonium.
 37987 | Depths:1 | Found a shimmering altar of Xom.
 38035 | Depths:1 | Found a one-way gateway to a ziggurat.
 38353 | Depths:2 | Received a gift from Okawaru
 38512 | Depths:2 | Received a gift from Okawaru
 38620 | Depths:2 | Reached XP level 22. HP: 147/153 MP: 21/30
 38896 | Depths:2 | Identified the +0 scale mail of the Turtledove {rC+ Dex+3}
                  | (Okawaru gifted it to you on level 2 of the Depths)
 38896 | Depths:2 | Received a gift from Okawaru
 38978 | Depths:2 | Reached skill level 23 in Shields
 40243 | Depths:3 | Found Locwosac's General Store.
 40293 | Depths:3 | Noticed a golden dragon
 40298 | Depths:3 | Killed a golden dragon
 40300 | Depths:3 | Found Rufel's Jewellery Boutique.
 40331 | Depths:4 | Entered Level 4 of the Depths
 40331 | Depths:4 | Noticed a golden dragon
 40339 | Depths:4 | Killed a golden dragon
 40567 | Depths:3 | Identified the +1 executioner's axe of Woe {holy, rF+
                  | Stlth+} (Okawaru gifted it to you on level 3 of the Depths)
 40567 | Depths:3 | Received a gift from Okawaru
 40626 | Depths:3 | Reached skill level 24 in Shields
 41043 | Depths:3 | Found a runed translucent door.
 41057 | Depths:3 | Noticed a golden dragon
 41116 | Depths:3 | Killed a golden dragon
 41257 | Depths:3 | Got the Almanac of Pantheism
 41263 | Depths:3 | Identified the staff of fire "Guhyothri" {rF+ rC+ MP+9
                  | Stlth+}
 41490 | Vaults:1 | Entered Level 1 of the Vaults
 41528 | Vaults:1 | Reached XP level 23. HP: 159/159 MP: 22/31
 41626 | Vaults:1 | Identified the +8 scale mail of Banata {*Slow rElec rN+++
                  | Will++}
 41735 | Vaults:1 | Received a gift from Okawaru
 42351 | Vaults:1 | Found Xiehy's General Store.
 42356 | Vaults:1 | Bought a potion of curing for 51 gold pieces
 42846 | Vaults:2 | Reached skill level 25 in Shields
 43585 | Vaults:2 | Identified the +2 scale mail of Hedge Wizardry {Harm rPois}
                  | (Okawaru gifted it to you on level 2 of the Vaults)
 43585 | Vaults:2 | Received a gift from Okawaru
 43893 | Arena    | Entered the Arena
 44429 | Orc:2    | Bought a +0 pair of gloves of dexterity for 149 gold pieces
 44843 | Vaults:2 | Reached skill level 15 in Armour
 45148 | Vaults:2 | Reached skill level 26 in Shields
 45162 | Vaults:2 | Reached XP level 24. HP: 158/167 MP: 22/31
 45574 | Vaults:3 | Reached skill level 10 in Throwing
 45994 | Vaults:3 | Identified the +1 pair of gloves of Chill Winds {rPois rN+}
                  | (Okawaru gifted it to you on level 3 of the Vaults)
 45994 | Vaults:3 | Received a gift from Okawaru
 45995 | Vaults:3 | Reached skill level 1 in Stealth
 46230 | Vaults:3 | Found Xoim's Weapon Boutique.
 46687 | Vaults:3 | Found a staircase to the Crypt.
 46687 | Vaults:3 | Found a basalt altar of Yredelemnul.
 46688 | Vaults:3 | Found an ancient bone altar of Kikubaaqudgha.
 47127 | Vaults:4 | Noticed Aizul
 47133 | Vaults:4 | Reached skill level 10 in Fighting
 47134 | Vaults:4 | Killed Aizul
 47426 | Vaults:4 | Found Zothraah's Assorted Antiques.
 47573 | Vaults:4 | Received a gift from Okawaru
 48669 | Swamp:1  | Entered Level 1 of the Swamp
 48669 | Swamp:1  | Noticed Louise
 48675 | Swamp:1  | Killed Louise
 48953 | Swamp:1  | Reached XP level 25. HP: 179/179 MP: 22/31
 49445 | Swamp:2  | Reached skill level 5 in Stealth
 49445 | Swamp:2  | Reached skill level 27 in Shields
 49572 | Swamp:2  | Received a gift from Okawaru
 50880 | Swamp:3  | Identified the +2 robe of Nuoxziaf {Will+ Str-5 Dex+5}
 50938 | Swamp:4  | Entered Level 4 of the Swamp
 52140 | Swamp:4  | Found a blossoming altar of Fedhas.
 52170 | Swamp:4  | Got a decaying rune of Zot
 52310 | Swamp:4  | Found a basalt altar of Yredelemnul.
 52941 | D:15     | Fell from the grace of Okawaru
 52941 | D:15     | Became a worshipper of Makhleb the Destroyer
 53199 | Crypt:1  | Entered Level 1 of the Crypt
 53548 | Crypt:1  | Reached * piety under Makhleb
 54048 | Crypt:1  | Reached ** piety under Makhleb
 54250 | Crypt:1  | Reached XP level 26. HP: 193/193 MP: 22/31
 54929 | Crypt:2  | Reached *** piety under Makhleb
 55210 | Crypt:3  | Entered Level 3 of the Crypt
 55321 | Crypt:3  | Found a staircase to the Tomb.
 55821 | Crypt:3  | Noticed a curse toe
 55838 | Crypt:3  | Killed a curse toe
 55839 | Crypt:3  | Reached **** piety under Makhleb
 56101 | Crypt:3  | Noticed a dread lich
 56504 | Crypt:3  | Noticed an ancient lich
 56516 | Crypt:3  | Killed an ancient lich
 56690 | Crypt:3  | Was forgiven by Okawaru
 56968 | Crypt:3  | Got the Vellum of Intuition
 56979 | Crypt:3  | Killed a dread lich
 56980 | Crypt:3  | Identified the +8 long sword of Benevolence {pain, Int+5}
 56981 | Crypt:3  | Identified the +5 long sword of the Several Knaves {drain,
                  | rC+}
 56987 | Crypt:3  | Identified the +6 scimitar of Wyrd {freeze, rC++ Will-
                  | Str+3 Int+3}
 56991 | Crypt:3  | Identified the +7 whip "Lotexero" {protect, rC+ Will- rCorr
                  | Str-2 Int+4}
 57130 | Vaults:5 | Entered Level 5 of the Vaults
 57188 | Vaults:5 | Reached ***** piety under Makhleb
 57249 | Vaults:5 | Identified the ring "Otualoynn" {Will+ Int+6}
 57514 | Vaults:5 | Reached XP level 27. HP: 191/205 MP: 23/32
 57828 | Vaults:5 | Identified the +6 mace of Jyxalon {drain, Will+}
 57848 | Vaults:5 | Reached skill level 15 in Fighting
 58130 | Vaults:5 | Noticed an ancient lich
 58136 | Vaults:5 | Killed an ancient lich
 58376 | Vaults:5 | Reached ****** piety under Makhleb
 58526 | Vaults:5 | Identified the +1 plate armour of the Yeti {rF- rN+ Regen+}
 58656 | Vaults:5 | Got a silver rune of Zot
 58811 | Vaults:5 | Identified the +4 dagger "Eviscerator" {antimagic, rElec
                  | Will+ SInv}
 59604 | Depths:4 | Found Ozeosk's Jewellery Emporium.
 59604 | Depths:4 | Found Xecioj's Book Shop.
 59605 | Depths:4 | Found Pueqet's Book Shop.
 59616 | Depths:4 | Bought the ring of Dishonour {rPois Dex+4} for 708 gold
                  | pieces
 59878 | Depths:4 | Reached skill level 10 in Stealth
 60039 | Depths:4 | Found a gate to the Realm of Zot.
 60639 | Zot:1    | Entered Level 1 of the Realm of Zot
 60841 | Zot:1    | Identified the +0 long sword "Orb Guardian's Peril" {venom,
                  | rPois rF+ Int+2}
 60930 | Zot:1    | Reached skill level 15 in Dodging
 62893 | Zot:2    | Found an iron altar of Okawaru.
 62956 | Zot:3    | Noticed Vv
 62967 | Zot:3    | Killed Vv
 63975 | Zot:3    | Noticed an orb of fire
 63975 | Zot:3    | Gained mutation: You are clumsy. (Dex -2) [an orb of fire]
 63982 | Zot:3    | Lost mutation: Your muscles are very strong. (Str +8,
                  | Int/Dex -2) [an orb of fire]
 63985 | Zot:3    | Killed an orb of fire
 64437 | Hell     | Entered the Vestibule of Hell
 64437 | Hell     | Noticed Geryon
 64619 | Hell     | Killed Geryon
 64687 | Hell     | Found a gateway to the Iron City of Dis.
 64723 | Hell     | Found a gateway to the ashen valley of Gehenna.
 64792 | Hell     | Found a gateway to the decaying netherworld of Tartarus.
 64887 | Hell     | Found a gateway to the freezing wastes of Cocytus.
 65064 | Tar:1    | Entered Level 1 of Tartarus
 66935 | Tar:5    | You fall into a shaft and drop 1 floor!
 67575 | Tar:7    | Entered Level 7 of Tartarus
 70818 | Tar:7    | Found the +4 skin of Zhor {*Englaciate rC+++ SInv}
 70824 | Tar:7    | Identified the ring "Rafa" {rN+ Will+ MP+9 Str+7}
 71213 | Tar:7    | Found the +11 plutonium sword {Contam Stlth-}
 71271 | Tar:7    | Identified the ring of Mexodob {rN++ MP+9 Str+3 Int-4}
 71284 | Tar:7    | Identified the +9 scimitar of Ragnarok {heavy, *Corrode
                  | +Blink rElec rC+}
 72039 | Tar:7    | Noticed Ereshkigal
 72089 | Tar:7    | Killed Ereshkigal
 72327 | Tar:7    | Identified the ring "Zaeq Dan" {Wiz MP+9 Int+2}
 72331 | Tar:7    | Got a bone rune of Zot
 72864 | Depths:2 | Voluntarily entered the Abyss.
 72994 | Abyss:1  | Found a corrupted altar of Lugonu.
 73022 | Abyss:1  | Found a corrupted altar of Lugonu.
 73299 | Abyss:1  | Found a corrupted altar of Lugonu.
 73462 | Abyss:2  | Found a corrupted altar of Lugonu.
 73624 | Abyss:2  | Reached skill level 15 in Stealth
 73693 | Abyss:2  | Found a corrupted altar of Lugonu.
 73713 | Abyss:2  | Gained mutation: Your spells are a little easier to cast,
                  | but a little less powerful. [a neqoxec]
 73872 | Abyss:2  | Found an opulent altar of Gozag.
 74033 | Abyss:2  | Noticed an ancient lich
 74046 | Abyss:2  | Killed an ancient lich
 74471 | Abyss:3  | Found a corrupted altar of Lugonu.
 74578 | Abyss:3  | Got an abyssal rune of Zot
 74590 | Depths:2 | Escaped the Abyss
 74981 | Zot:3    | Gained mutation: You are dopey. (Int -2) [mutagenic glow]
 75016 | Zot:3    | Gained mutation: Armour fits poorly on your strangely
                  | shaped body. [mutagenic glow]
 75163 | Zot:3    | Mangled by a doom hound

Illustrated notes

Levels and vault maps discovered:
D:1:      heliophobic_arrival_enchanted_forest, layout_basic, serial_glass,
          glass_columns_a, glass_columns_b, glass_columns_c, glass_columns_b,
          glass_columns_c, feat_on_display
D:2:      layout_loops_ring, dreamdust_ecumenical_altar_hidden_monk_grotto,
          kennysheep_boxes
D:3:      layout_rooms, mainiacjoe_overflow_catwalk,
          mainiacjoe_overflow_24_doors, pf_guarded_unrand_delatra
D:4:      layout_gridville, nicolae_sif_muna_condensation, uniq_pikel,
          uniq_menkaure
D:5:      layout_cave_pods, zin_treasury, nicolae_shop_i_like_small_books_too
D:6:      layout_rooms, lemuel_mausoleum_altar_kikubaaqudgha,
          cheibrodos_sewer_entry_bend
D:7:      layout_basic, minmay_temple_entry_poolview, nicolae_titane
D:8:      layout_basic, general_overflow_altar,
          grunt_temple_overflow_forces_of_nature, due_lair_maze_entry_diamond,
          serial_park_tiny_1, uniq_erica
D:9:      layout_roguey, nicolae_ashenzari_skybound, serial_demonic,
          serial_demonic_e, serial_demonic_b, serial_demonic_a,
          serial_demonic_a, hangedman_weighted_door, grunt_ogre_cave,
          uniq_maurice
D:10:     layout_layer_cave
D:11:     layout_roguey, erik_orc_3, serial_shops, shop, uniq_urug,
          uniq_erolcha, uniq_nergalle
D:12:     layout_loops_corners, serial_bayou_pond_e, nicolae_splish_splash
D:13:     layout_loops_cross, grunt_vaults_entry_tiered,
          portal_ice_cave_entry_pillars_1
D:14:     layout_roguey, infiniplex_staircase_zigzag_5, minmay_misc_feat_doors
D:15:     hangedman_depths_entry_try_elsewhere_first, layout_loops_ring,
          gammafunk_ghost_spectres, minmay_misc_feat_ornament, bloody_makhleb,
          uniq_kirke
Temple:   cyrus_circular_temple
Lair:1:   layout_cave_pods, grunt_megastairs_5
Lair:2:   layout_chaotic_city, minmay_swamp_entry_eels, minivault_27,
          st_stairs_7, grunt_forest_small_clearing_treed,
          infiniplex_staircase_pool_2
Lair:3:   wander_river, layout_hall_layers, dummy_snake_entry,
          grunt_megastairs_1, uniq_fannar
Lair:4:   layout_cave_shapes, hibernation_bobbens
Lair:5:   due_jungle_book, layout_long_grid, slime_entry_1, pond,
          grunt_megastairs_2, infiniplex_staircase_pool, uniq_rupert
Swamp:1:  layout_falls_marsh, evilmike_swamp_ruin_house_1, swamp_pool1,
          uniq_louise
Swamp:2:  layout_falls_marsh, evilmike_swamp_ruin_house_5, swamp_pool1,
          nicolae_swamp_catching_bugs
Swamp:3:  layout_basic_swamp, nicolae_swamp_triple_paths, swamp_pool5
Swamp:4:  byrel_swamp_growth_death_and_undeath, layout_basic_swamp
Snake:1:  layout_grid_maze, serial_bayou_shore_b
Snake:2:  layout_onion, minmay_shoptagon
Snake:3:  layout_basic, lemuel_oklob_altar
Snake:4:  hellmonk_snake_rune_quicksilver_temple, layout_rooms,
          gammafunk_ghost_berserking_beasts, lemuel_fruit_tree, uniq_nikola
Orc:1:    layout_diamond_mine
Orc:2:    st_orc_ogre_mass, layout_diamond_mine, gammafunk_ghost_cemetery,
          amcnicky_altar_lugonu_corruption
Elf:1:    minmay_elf_arrival_summoners, layout_gridlike, minmay_elf_necromancy,
          serial_sigils_hangedman_confine, hangedman_elven_ridges,
          nicolae_concentric_dashed_squares_wild
Elf:2:    elven_hall_of_blades_hangedman_alternative [mumra_blade_entry_dagger],
          layout_loops_cross, serial_shops, nicolae_shop_rolling_square,
          basic_altar, corexii_checkpoint_a, minmay_misc_feat_alley, uniq_agnes
Elf:3:    minmay_elf_hall_circle, layout_geoelf_castle, serial_shops,
          nicolae_shop_real_fake_doors, nicolae_shop_sticking_my_neck_out
Vaults:1: vaults_dpeg_encased_lava, nicolae_vaults_shipping_containers_2,
          ontoclasm_vaults_gateway, nicolae_vaults_storage_closets_1,
          nicolae_vaults_apartment_2, hangedman_vaults_stream,
          nicolae_vaults_twisting_passages, hangedman_vaults_cutoff,
          vaults_room_corners, vaults_room_ringed_pool,
          nicolae_vaults_network_quincunx
          [nicolae_vaults_network_quincunx_subvault,
          nicolae_vaults_network_quincunx_subvault,
          nicolae_vaults_network_quincunx_subvault,
          nicolae_vaults_network_quincunx_subvault,
          nicolae_vaults_network_quincunx_subvault], nicolae_vaults_house_3,
          v_misc_14, ontoclasm_vaults_twist, hangedman_vaults_impose,
          layout_vaults_maze_snakey, serial_shops, nicolae_shop_rolling_square
Vaults:2: hangedman_vaults_locks, ontoclasm_vaults_eye,
          nicolae_vaults_frosty_reception, nicolae_vaults_little_squares_6,
          dpeg_vaults_pockets_of_resistance, nicolae_vaults_apartment_1,
          grunt_vaults_diagonal, v_misc_16, nicolae_vaults_trapezoid_4,
          layout_vaults_omnicross
Vaults:3: v_misc_19, grunt_vaults_trifunnel, nicolae_vaults_wine_cellar,
          nicolae_vaults_door_testing_chamber, v_misc_28,
          minmay_crypt_entry_necro_gods, v_rooms_6,
          ontoclasm_vaults_claustrophobia, nicolae_vaults_variable_pillar_hall,
          nicolae_vaults_six-pack, vaults_dpeg_ring, nicolae_vaults_diamond_2,
          grunt_vaults_hallway_short, nicolae_vaults_little_squares_3,
          layout_vaults_ring, serial_shops, shop
Vaults:4: nicolae_vaults_apartment_2, nicolae_vaults_steering_wheel,
          nicolae_vaults_storage_room_water, vaults_room_large_hall,
          grunt_vaults_swirl, nicolae_vaults_double_plus_3,
          nicolae_vaults_hexular_roomagon, v_alt_pattern_3,
          grunt_vaults_hallway_long, nicolae_vaults_offset_grid_hallway_4,
          nicolae_vaults_what_the_h, dpeg_vaults_monster_box, v_misc_31,
          nicolae_vaults_angled_halls, v_misc_3,
          nicolae_vaults_layer_cake_slice, ontoclasm_vaults_ligature,
          layout_vaults_omnibox, serial_shops, shop, uniq_aizul
Vaults:5: serial_shops
Crypt:1:  layout_misc_corridors, grunt_crypt_arrival_webbed, grunt_megastairs_3
Crypt:2:  layout_chaotic_city, roderic_lattice_octagonal_star
Crypt:3:  david_glass_crypt, layout_misc_corridors
Depths:1: layout_forbidden_donut, enter_ziggurat_f, hell_entry, pan_entry,
          xom_confusion_cloud, grunt_megastairs_4
Depths:2: nicolae_terramorphic_expanse [nicolae_terramorphic_quarter,
          nicolae_terramorphic_quarter, nicolae_terramorphic_quarter,
          nicolae_terramorphic_quarter, nicolae_terramorphic_quarter,
          nicolae_terramorphic_biome, nicolae_terramorphic_biome,
          nicolae_terramorphic_biome, nicolae_terramorphic_biome],
          layout_gridlike, minmay_door_square, hell_entry,
          rand_demon_pan_entry_3, abyss_entry
Depths:3: minmay_the_grid_triangle_9x9_rhombus_thin_mashed
          [minmay_the_grid_triangle_9x9_subtriangle,
          minmay_the_grid_triangle_9x9_prize_center,
          minmay_the_grid_triangle_9x9_intruding_spiral,
          minmay_the_grid_triangle_9x9_descending_squares], layout_cave_shapes,
          serial_shops, shop, abyss_entry_crystal, rand_demon_pan_entry_9,
          hell_entry, hangedman_abyss_or_decor_slice,
          infiniplex_staircase_door_maze, minmay_shop_star
Depths:4: grunt_zot_entry_bicorn, layout_gridlike, minmay_misc_feat_square,
          hell_entry, pan_entry, hangedman_aviary, minmay_shop_grove
Hell
Tar:1:    layout_honeycomb, nicolae_tar_cuneiform_bread
Tar:2:    layout_cathedral_of_symmetry
Tar:3:    minmay_shadows, layout_cathedral_of_symmetry,
          nicolae_tar_cuneiform_three
Tar:4:    layout_cathedral_of_symmetry, nicolae_tar_windowcombs
Tar:5:    layout_grid_maze, grunt_tartarus_stairs_gauntlet_trap
Tar:6:    layout_cathedral_of_symmetry, nicolae_tar_grid_combs
Tar:7:    tar_minmay_river
Zot:1:    kennysheep_blocky_room, layout_misc_corridors
Zot:2:    hangedman_orp_of_zott, layout_basic, uniq_parghit
Zot:3:    layout_concentric_octagons, uniq_vv
Zot:4:    layout_misc_corridors, st_stairs_7, bh_zot_lava_cross,
          bh_zot_levy_curve, st_large_dragon_hoard_1, uniq_grunn

Skill      XL: |  1  2  3  4  5  6  7  8  9 10 11 12 13 14 15 16 17 18 19 20 21 22 23 24 25 26 27 |
---------------+----------------------------------------------------------------------------------+-----
Axes           | 3 4 6 8 10 12 13 14 15 16 17 18 19 20 21 22 23 24 26 | 26.0
Armour         | 4 5 6 7 8 10 11 12 13 14 15 20 | 20.1
Fighting       | 4 5 6 7 8 10 12 14 17 | 17.7
Dodging        | 1 2 9 12 13 20 | 20.6
Shields        | 6 7 8 10 13 16 19 21 22 24 26 27 | 27.0
Throwing       | 1 3 4 5 7 8 9 11 12 14 | 14.4
Invocations    | 5 7 8 9 10 11 12 14 | 14.6
Evocations     | 6 7 9 17 18 19 | 19.0
Stealth        | 4 6 8 15 | 15.4

Action                     |  1- 3 |  4- 6 |  7- 9 | 10-12 | 13-15 | 16-18 | 19-21 | 22-24 | 25-27 || total
---------------------------+-------+-------+-------+-------+-------+-------+-------+-------+-------++-------
  Melee: War axe           |   101 |   141 |   294 |   583 |   370 |   944 |       |       |       ||  2433
         Battleaxe         |       |       |       |    16 |    56 |   249 |   893 |  1151 |  2514 ||  4879
         Executioner's axe |       |       |       |       |       |       |       |       |   107 ||   107
  Throw: Boomerang         |       |       |       |    13 |    13 |       |    12 |     1 |    52 ||    91
         Dart              |       |       |       |     3 |       |     1 |       |       |       ||     4
         Javelin           |       |       |       |       |    14 |    80 |    11 |    18 |    92 ||   215
         Throwing net      |       |       |       |       |       |     1 |       |       |     1 ||     2
 Invoke: Heroism           |       |       |       |     1 |       |     6 |     2 |     1 |       ||    10
         Finesse           |       |       |       |       |       |     1 |       |       |       ||     1
         Duel              |       |       |       |       |       |       |       |     1 |       ||     1
Ability: Dig               |       |       |     1 |       |       |     3 |     2 |       |     5 ||    11
  Evoke: Wand              |       |       |       |       |     1 |     1 |       |     2 |    12 ||    16
         Lightning rod     |       |       |       |       |       |       |       |     5 |     5 ||    10
         Condenser vane    |       |       |       |       |       |       |       |       |     4 ||     4
         Box of beasts     |       |       |       |       |       |       |       |       |     2 ||     2
         Phantom mirror    |       |       |       |       |       |       |       |       |     3 ||     3
         Horn of Geryon    |       |       |       |       |       |       |       |       |     1 ||     1
    Use: Scroll            |       |     9 |     3 |     1 |     7 |     4 |     3 |       |    13 ||    40
         Potion            |       |     2 |     1 |     2 |     4 |     9 |       |     7 |    15 ||    40
   Stab: Invisible         |       |       |       |       |       |     3 |       |       |       ||     3
         Distracted        |       |       |       |       |       |     2 |    24 |    39 |   109 ||   174
         Sleeping          |       |       |       |       |       |       |       |       |    18 ||    18
         Fleeing           |       |       |       |       |       |       |       |       |     1 ||     1
         Held in net/web   |       |       |       |       |       |       |       |       |     1 ||     1
 Armour: Scale mail        |    41 |    45 |    33 |       |       |       |       |    50 |   340 ||   509
         Chain mail        |       |       |    46 |   147 |    55 |   141 |   123 |    75 |       ||   587
         Swamp dragon scal |       |       |       |       |    23 |    42 |       |       |       ||    65
         Gold dragon scale |       |       |       |       |       |       |       |       |    61 ||    61
  Dodge: Dodged            |    46 |    58 |    89 |   159 |    95 |   224 |   145 |   186 |   722 ||  1724
  Block: Buckler           |    24 |    28 |    21 |       |       |       |       |       |       ||    73
         Kite shield       |       |       |    70 |   351 |   156 |       |       |       |       ||   577
         Reflection        |       |       |       |     6 |       |   148 |    87 |    90 |   114 ||   445
         Tower shield      |       |       |       |       |    71 |  1228 |   698 |   907 |  2622 ||  5526
